 Dungeon Crawl Stone Soup version 0.30-a0-359-gd0147acb1a (webtiles) character file.

Game seed: 16467838660340759445

2937 flotson the Trooper (level 9, -16/71 HPs)
             Began as a Demonspawn Delver on Nov 11, 2022.
             Demolished by a catoblepas (18 damage)
             ... on level 7 of the Dungeon.
             The game lasted 00:10:20 (5581 turns).

flotson the Trooper (Demonspawn Delver)             Turns: 5581, Time: 00:10:21

Health: -16/71     AC: 12    Str: 16    XL:     9   Next: 51%
Magic:  0/9        EV: 12    Int: 12    God:
Gold:   338        SH:  5    Dex: 21    Spells: 8/8 levels left

rFire   x . .      SeeInvis .    a - +2 quarterstaff (spect)
rCold   + + .      Faith    .    (shield currently unavailable)
rNeg    . . .      Spirit   +    t - +0 ice dragon scales
rPois   .          Reflect  +    (helmet restricted)
rElec   .          Harm     .    (no cloak)
rCorr   .          Rampage  .    h - +0 pair of gloves
Will    .....                    (no boots)
Stlth   +.........               r - amulet of reflection
HPRegen 0.31/turn                y - +6 ring of dexterity
MPRegen 0.22/turn                (no ring)

@: slowed, very slow
A: hooves 2, horns 1, magic shield, magic regeneration, weakness stinger 1
a: no special abilities


You were on level 7 of the Dungeon.
You visited 2 branches of the dungeon, and saw 8 of its levels.

You collected 338 gold pieces.

Inventory:

Hand Weapons
 a - a +2 spectral quarterstaff (weapon)
 x - a +2 hand axe of venom
Missiles
 k - a silver boomerang (quivered)
 p - 4 javelins
Armour
 h - a +0 pair of gloves (worn)
 t - +0 ice dragon scales (worn)
Jewellery
 r - an amulet of reflection (around neck)
 y - a +6 ring of dexterity (left hand)
 A - a ring of ice
Wands
 d - a wand of iceblast (21)
 g - a wand of digging (3)
 i - a wand of charming (10)
 l - a wand of flame (5)
Scrolls
 c - a scroll of fog
 e - 4 scrolls of identify {unknown}
 n - 3 scrolls of amnesia {unknown}
 o - 3 scrolls of teleportation {unknown}
 q - 2 scrolls of vulnerability {unknown}
 v - a scroll of brand weapon {unknown}
 w - a scroll of immolation {unknown}
 z - a scroll of acquirement {unknown}
 D - 3 scrolls of magic mapping
 E - 3 scrolls of poison {unknown}
 F - 2 scrolls of noise {unknown}
Potions
 b - a potion of cancellation {unknown}
 f - 3 potions of curing {unknown}
 j - a potion of mutation {unknown}
 m - 3 potions of attraction {unknown}
 s - 3 potions of haste
 u - a potion of resistance {unknown}
 B - a potion of heal wounds
 C - a potion of degeneration {unknown}


   Skills:
 + Level 6.4 Fighting
 - Level 1.7 Axes
 + Level 3.7 Staves
 + Level 4.3 Throwing
 + Level 5.0 Armour
 + Level 5.5 Dodging
 - Level 4.5 Stealth
 + Level 5.5 Evocations


You had 8 spell levels left.
You didn't know any spells.
Your spell library contained the following spells:

 Spells                   Type           Power      Damage    Failure   Level
 Blink                    Tloc           0%         N/A       91%         2
 Ensorcelled Hibernation  Hex/Ice        0%         N/A       91%         2
 Hailstorm                Conj/Ice       0%         3d3       99%         3
 Kindle Blastsparks       Fire/Tloc/Air  0%         2d10      99%         3
 Ozocubu's Armour         Ice            0%         N/A       99%         3
 Spider Form              Tmut/Pois      0%         N/A       99%         3
 Anguish                  Hex/Necr       0%         N/A       100%        4
 Fulminant Prism          Conj/Hex       0%         3d5       100%        4
 Ice Form                 Ice/Tmut       0%         N/A       100%        4
 Iskenderun's Mystic Bla  Conj/Tloc      0%         2d3       100%        4
 Manifold Assault         Tloc           0%         N/A       100%        4
 Freezing Cloud           Conj/Ice/Air   0%         6-21      100%        5
 Lee's Rapid Deconstruct  Erth           0%         3d4*      100%        5
 Simulacrum               Ice/Necr       0%         N/A       100%        6
 Ozocubu's Refrigeration  Ice            0%         4d7       100%        7
 Storm Form               Tmut/Air       0%         N/A       100%        7
 Polar Vortex             Ice            0%         N/A       100%        9


Dungeon Overview and Level Annotations

Branches:
Dungeon (7/15)             Temple (1/1) D:4

Altars:
Cheibriados
Dithmenos
Fedhas
Hepliaklqana
Kikubaaqudgha
Makhleb
Nemelex Xobeh
Okawaru
Qazlal
Ru
Sif Muna
Trog
Uskayaw
Wu Jian
Xom
Yredelemnul


Innate Abilities, Weirdness & Mutations

You have hoof-like feet.
You have a pair of small horns on your head.
When hurt, damage is shared between your health and your magic reserves.
You regenerate magic rapidly.
You have a small tail.


Message History

You are engulfed in calcifying dust.
The wraith hits you! The wraith drains your vigour!
You feel as though you will be slow longer.
Unknown command.
The wraith attacks as you move away! The wraith hits you.
The wraith drains your vigour!
You feel as though you will be slow longer.
The wraith hits you. The wraith drains your vigour!
You feel as though you will be slow longer.
The wraith attacks as you move away! The wraith hits you!
The wraith drains your vigour!
You feel as though you will be slow longer.
The wraith hits you! The wraith attacks as you move away! The wraith hits you!
The wraith drains your vigour!
You feel as though you will be slow longer.
You completely miss the wraith.
You headbutt the wraith, but do no damage.
The wraith is heavily damaged.
Your +2 spectral quarterstaff hits the wraith but does no damage.
The wraith closely misses you. The wraith hits you.
You hit the wraith. Your kick misses the wraith.
Your headbutt misses the wraith.
Your tail-slap misses the wraith.
The wraith is severely damaged.
Your +2 spectral quarterstaff hits the wraith!
The wraith hits you.
Unknown command.
The catoblepas attacks as you move away!
The catoblepas gores you!!
* * * LOW HITPOINT WARNING * * *
As you read the scroll of fear, it crumbles to dust.
You assume a fearsome visage.
The catoblepas resists with almost no effort.
The catoblepas breathes a plume of calcifying dust at you.
The blast of calcifying dust hits you!
* * * LOW HITPOINT WARNING * * *
You block the catoblepas's attack.
The catoblepas attacks as you move away!
The catoblepas gores you!!
You die...

###### #.........###
#################.............
..............................
######..##..#####........#####
#................)......
#####.#############...######
#.....#.....♣ ♣§..♣...♣
##.###.#♣..†♣♣♣♣§♣.♣.♣.♣
...###.#.♣.♣...♣@♣.♣.♣.♣
....†..#♣..§♣♣W♣Y♣.♣.♣.♣.♣
...##..#...§.♣..W♣.......♣
...###.###l###############
#### #.# ♣.♣♣ ###
#.#♣.♣.♣#♣♣#... ..#
#.#.♣♣♣....WlYY (.# #.#♣
♣.♣#♣♣#... ..## #.# ♣.♣


You could see a catoblepas and a wraith.

Vanquished Creatures
  The ghost of liarliar the Firebug, a novice OgFE (D:5)
  Sigmund (D:5)
  2 wyverns
  A water moccasin (D:6)
  A black bear (D:5)
  4 ogres
  An ice beast (D:6)
  A kobold brigand (D:5)
  2 bullfrogs
  3 scorpions
  A necrophage (D:6)
  4 wights (D:5)
  3 quasits (D:5)
  3 jellies
  3 orc priests
  5 hounds
  3 iguanas
  7 gnolls
  5 adders
  A white imp (D:6)
  An ufetubus (D:6)
  A worm (D:2)
  3 dart slugs
  19 orcs
  5 bats
  4 endoplasms
  4 giant cockroaches
  11 goblins
  11 hobgoblins
  9 jackals
  11 kobolds
  5 quokkas
  10 ball pythons
  2 frilled lizards (D:1)
  8 rats
156 creatures vanquished.

Vanquished Creatures (collateral kills)
  An orc wizard (D:4)
1 creature vanquished.

Vanquished Creatures (others)
  An adder (D:4)
  11 plants
12 creatures vanquished.

Grand Total: 169 creatures vanquished

Notes
Turn   | Place    | Note
-------+----------+-------------------------------------------
     0 | D:5      | flotson the Demonspawn Delver began the quest for the Orb.
     0 | D:5      | Reached XP level 1. HP: 18/18 MP: 1/1
    33 | D:5      | Noticed an ogre
    44 | D:4      | Noticed an orc wizard
    53 | D:4      | Found a staircase to the Ecumenical Temple.
    62 | Temple   | Entered the Ecumenical Temple
   469 | D:4      | Noticed a bullfrog
   484 | D:4      | Noticed an iguana
   495 | D:4      | Killed an orc wizard
   496 | D:4      | Reached skill level 1 in Armour
   496 | D:4      | Reached skill level 1 in Evocations
   496 | D:4      | Discovered your monstrous ancestry.
   496 | D:4      | Gained mutation: You have large cloven feet. [demonic
                  | ancestry]
   496 | D:4      | Reached XP level 2. HP: 8/24 MP: 2/2
   496 | D:4      | Gained mutation: You have a pair of small horns on your
                  | head. [demonic ancestry]
   496 | D:4      | Reached XP level 3. HP: 9/29 MP: 3/3
   548 | D:3      | Found a burning altar of Makhleb.
   570 | D:3      | Killed a bullfrog
   571 | D:3      | Gained mutation: You regenerate magic rapidly. [demonic
                  | ancestry]
   571 | D:3      | Reached XP level 4. HP: 13/37 MP: 4/4
   787 | D:3      | Found a snail-covered altar of Cheibriados.
   915 | D:4      | Gained mutation: When hurt, damage is shared between your
                  | health and your magic reserves. [demonic ancestry]
   915 | D:4      | Reached XP level 5. HP: 16/42 MP: 5/5
  1185 | D:4      | Reached skill level 4 in Fighting
  1419 | D:2      | Found a burning altar of Makhleb.
  1563 | D:1      | Found a faded altar of an unknown god.
  1984 | D:1      | Gained mutation: You have a small tail. [demonic ancestry]
  1984 | D:1      | Reached XP level 6. HP: 47/48 MP: 6/6
  3432 | D:4      | Found a bloodstained altar of Trog.
  3640 | D:5      | Reached skill level 1 in Throwing
  3775 | D:5      | Reached XP level 7. HP: 55/55 MP: 7/7
  3840 | D:5      | Found a transporter.
  3860 | D:5      | Noticed liarliar's ghost (novice OgFE)
  3905 | D:5      | Reached skill level 1 in Staves
  4048 | D:5      | Noticed a wyvern
  4051 | D:5      | Killed a wyvern
  4052 | D:5      | Reached skill level 5 in Fighting
  4070 | D:5      | Found a transporter.
  4180 | D:5      | Gained mutation: You have hoof-like feet. [demonic
                  | ancestry]
  4180 | D:5      | Reached XP level 8. HP: 51/62 MP: 6/8
  4427 | D:5      | Noticed Sigmund
  4441 | D:5      | Killed Sigmund
  4634 | D:5      | Killed liarliar's ghost
  4635 | D:5      | Reached skill level 5 in Dodging
  4685 | D:6      | Reached skill level 5 in Evocations
  4689 | D:6      | Reached XP level 9. HP: 69/69 MP: 9/9
  4896 | D:6      | Reached skill level 6 in Fighting
  5137 | D:6      | Found a basalt altar of Yredelemnul.
  5513 | D:7      | Reached skill level 5 in Armour
  5537 | D:7      | Noticed a catoblepas
  5558 | D:7      | Noticed a komodo dragon
  5580 | D:7      | HP: 2/71 [catoblepas/blast of calcifying dust (7)]
  5581 | D:7      | Demolished by a catoblepas

Illustrated notes

Levels and vault maps discovered:
D:1:      co_arrival_random_square_maze, layout_basic,
          ebering_ecumenical_altar_mist, hex_large, serial_bayou_crossing
D:2:      layout_rooms, basic_altar, serial_corexii_hall,
          corexii_hall_statues_x, corexii_hall_statues_u
D:3:      layout_basic, mainiacjoe_overflow_alcove_1, bloody_makhleb
D:4:      layout_rooms, trog_hazing_becter, minmay_temple_entry_wispy
D:5:      layout_basic, gammafunk_ghost_stat_death, serial_rivers,
          chequers_serial_rivers_room_a, chequers_serial_rivers_micro_a,
          chequers_serial_rivers_micro_b, chequers_serial_rivers_micro_b,
          sigmund_army
D:6:      layout_cave_pools, lemuel_coloured_pillars_altar
D:7:      nzn_winding_woodlands_medium [nzn_winding_woodlands_5x5_perimeter,
          nzn_winding_woodlands_5x15_sidewinder,
          nzn_winding_woodlands_hourglass, nzn_winding_woodlands_5x5_cross,
          nzn_winding_woodlands_center_garden,
          nzn_winding_woodlands_5x5_closed_star,
          nzn_winding_woodlands_5x5_checkerboard,
          nzn_winding_woodlands_5x15_lazy_stream,
          nzn_winding_woodlands_5x5_three], layout_basic,
          grunt_gozag_breadcrumbs, kennysheep_little_box
Temple:   compressed_dpeg_triangle_lava_temple

Skill      XL: |  1  2  3  4  5  6  7  8  9 |
---------------+----------------------------+-----
Armour         | 1 2 3 4 5 |  5.0
Dodging        | 2 3 4 5 |  5.5
Evocations     | 1 2 3 4 5 |  5.5
Fighting       | 4 5 6 |  6.4
Throwing       | 1 2 3 4 |  4.3
Staves         | 1 3 |  3.7
Axes           | |  1.7
Stealth        | |  4.5

Action                   |  1- 3 |  4- 6 |  7- 9 || total
-------------------------+-------+-------+-------++-------
Melee: Hand axe          |    27 |   239 |       ||   266
       Headbutt          |     3 |    43 |    26 ||    72
       Kick              |     2 |    54 |    46 ||   102
       Punch             |       |     4 |       ||     4
       Tailslap          |       |    10 |    21 ||    31
       Quarterstaff      |       |     3 |   129 ||   132
Evoke: Wand              |     3 |       |       ||     3
  Use: Scroll            |     2 |       |     1 ||     3
       Potion            |     2 |       |       ||     2
 Stab: Sleeping          |       |     3 |     2 ||     5
       Distracted        |       |       |     1 ||     1
Armor: Leather armour    |     7 |       |       ||     7
       Scale mail        |    16 |    70 |       ||    86
       Ice dragon scales |       |    42 |    62 ||   104
Dodge: Dodged            |    24 |   124 |    72 ||   220
Block: Other             |       |    29 |    46 ||    75

Table legend: (Time is in decaauts)
 A = Elapsed time spent in this place.
 B = Non-inter-level travel time spent in this place.
 C = Inter-level travel time spent in this place.
 D = Time resting spent in this place.
 E = Time spent auto-exploring this place.
 F = Levels seen in this place.
 G = Mean time per level.
                   A        B        C        D        E       F      G
               +--------+--------+--------+--------+--------+-----+--------+
         Total |   5666 |   5397 |    269 |    284 |   3889 |   8 |  708.2 |
       Dungeon |   5264 |   5009 |    255 |    186 |   3646 |   7 |  752.0 |
        Temple |    401 |    387 |     14 |     98 |    243 |   1 |  401.0 |
               +--------+--------+--------+--------+--------+-----+--------+

Top non-repeatable levels by time:
     D:5: 1128 daAuts
     D:4: 1005 daAuts
     D:3: 773 daAuts
     D:1: 770 daAuts
     D:2: 677 daAuts
     D:6: 498 daAuts
     D:7: 410 daAuts
  Temple: 401 daAuts
